 Dungeon Crawl Stone Soup version 0.25-a0-737-g26c3a87c45 (webtiles) character file.

Game seed: 15173660590673611561, levelgen mode: classic

14387 Amnesiac the Gelid (level 12, -1/91 HPs)
             Began as a Ghoul Ice Elementalist on Apr 11, 2020.
             Was an Elder of Vehumet.
             Slain by Jorgrun
             ... wielding a +0 vorpal quarterstaff
              (13 damage)
             ... on level 11 of the Dungeon.
             The game lasted 00:25:44 (10768 turns).

Amnesiac the Gelid (Ghoul Ice Elementalist)        Turns: 10768, Time: 00:25:44

Health: -1/91      AC: 13    Str: 13    XL:     12   Next: 16%
Magic:  21/24      EV: 13    Int: 14    God:    Vehumet [****..]
Gold:   530        SH:  4    Dex:  9    Spells: 13/29 levels left

rFire    + . .     SeeInvis .   a - +2 hunting sling
rCold    + . .     Gourm    .   N - +0 buckler
rNeg     + + +     Faith    .   y - +2 robe {rF+}
rPois    ∞         Spirit   .   I - +1 helmet
rElec    .         Reflect  .   n - +0 cloak
rCorr    .         Harm     .   F - +2 pair of gloves
MR       .....                  (no boots)
Stlth    ++........             (no amulet)
HPRegen  0.00/turn              K - +3 ring of protection
MPRegen  0.19/turn              h - ring of wizardry

@: frozen ramparts, stab, very slightly contaminated, rotting
A: rotting body, claws 1, carnivore, cold resistance 1, negative energy
resistance 3, inhibited regeneration, torment resistance, unbreathing
a: Renounce Religion


You were on level 11 of the Dungeon.
You worshipped Vehumet.
Vehumet was greatly pleased with you.
You were not hungry.

You visited 3 branches of the dungeon, and saw 13 of its levels.

You collected 530 gold pieces.

Inventory:

Hand Weapons
 a - a +2 hunting sling (weapon)
 b - a +0 whip of electrocution
 G - a +0 scimitar
 J - a +4 dagger
Missiles
 o - 11 curare-tipped darts
 r - 221 stones (quivered)
 v - 99 sling bullets
 x - 38 poisoned darts
Armour
 n - a +0 cloak (worn)
 p - a scarf of spirit shield
 w - a scarf of cloud immunity
 y - a +2 robe of fire resistance (worn)
 D - a +2 ring mail of cold resistance
 F - a +2 pair of gloves (worn)
 I - a +1 helmet (worn)
 N - a +0 buckler (worn)
Jewellery
 d - an uncursed ring of ice
 e - a +3 ring of intelligence
 h - a ring of wizardry (right hand)
 l - an uncursed ring of ice
 t - an uncursed ring of resist corrosion
 K - a +3 ring of protection (left hand)
Wands
 m - a wand of enslavement (9)
 A - a wand of iceblast (4)
 H - a wand of polymorph (11)
 M - a wand of paralysis (5)
Scrolls
 f - a scroll of blinking {!r}
 g - 8 scrolls of remove curse {!r}
 k - 2 scrolls of magic mapping {!r}
 q - 3 scrolls of teleportation {!r}
 E - a scroll of holy word {!r, unknown}
Potions
 j - a potion of stabbing {!q}
 s - a potion of might {!q, unknown}
 z - a potion of brilliance {!q}
 C - a potion of haste {!q}
Miscellaneous
 i - a phial of floods (inert)
Comestibles
 c - 20 rations


   Skills:
 - Level 4.0 Fighting
 - Level 4.0 Dodging
 - Level 2.1 Stealth
 - Level 4.0 Shields
 + Level 9.0 Spellcasting
 * Level 15.7 Ice Magic


You had 13 spell levels left.
You knew the following spells:

 Your Spells              Type           Power        Failure   Level  Hunger
a - Freeze                Ice            ####         0%          1    None
b - Frozen Ramparts       Ice            ######       1%          3    ##.....
c - Summon Ice Beast      Ice/Summ       ####....     1%          4    ####...
d - Hailstorm             Conj/Ice       ####....     1%          4    ####...
e - Iskenderun's Mystic   Conj/Tloc      #.......     13%         4    ####...

Your spell library contained the following spells:

 Spells                   Type           Power        Failure   Level  Hunger
 Shock                    Conj/Air       #...         1%          1    None
 Ozocubu's Armour         Chrm/Ice       ####....     1%          3    ##.....
 Static Discharge         Conj/Air       #.......     4%          3    ##.....
 Swiftness                Chrm/Air       #.......     7%          2    None
 Airstrike                Air            #.........   13%         4    ####...
 Lightning Bolt           Conj/Air       #.........   30%         5    #####..


Dungeon Overview and Level Annotations

Branches:
Dungeon (11/15)            Temple (1/1) D:4            Lair (0/6) D:11
    Orc (1/2) D:11

Altars:
Dithmenos
Elyvilon
Fedhas
Gozag
Hepliaklqana
Kikubaaqudgha
Makhleb
Nemelex Xobeh
Qazlal
Trog
Vehumet
Wu Jian
Xom
Yredelemnul
Zin
The Shining One

Shops:
D:4 [

Annotations:
D:11 exclusion: downstairs, Jorgrun


Innate Abilities, Weirdness & Mutations

Your body is rotting away.
You thrive on raw meat.
You are immune to poison.
You have sharp fingernails.
You are carnivorous and can eat meat at any time.
Your flesh is cold resistant. (rC+)
You are immune to negative energy. (rN+++)
You do not regenerate when monsters are visible.
You are immune to unholy pain and torment.
You can survive without breathing.


Message History

a +0 robe; a +0 dagger
Casting: Frozen Ramparts (safe; 1% risk of failure)
Confirm with . or Enter, or press ? or * to list all spells.
The walls around you are covered in ice.
The wall freezes Jorgrun!
Jorgrun points at you and mumbles some strange words.
Roots burst forth from the earth!
The grasping roots grab you! The grasping roots constrict you!
The orc hits you but does no damage.
The wall freezes the orc.
The orc hits you with a +0 club.
You escape the roots' grasp.
The wall freezes Jorgrun!
Jorgrun hits you with a +0 vorpal quarterstaff!
* * * LOW HITPOINT WARNING * * *
The wall freezes the orc warrior.
The orc warrior misses you.
The wall freezes the orc!
You kill the orc!
Vehumet accepts your kill.
You feel your power returning. You block the orc's attack.
The wall freezes the orc!
You kill the orc!
Vehumet accepts your kill.
You feel your power returning.
Magic restored.
The frozen ramparts melt away.
You climb upwards.
Welcome back to the Dungeon!
Level annotation: exclusion: downstairs
There is a staircase to the Orcish Mines here.
Jorgrun says, "A few more walls knocked out 'ere an' thar an' 'tis whole place will come crashin' down."
Jorgrun casts a spell at you.
The stone door frame shatters!
The blast of rock fragments hits you!!
* * * LOW HITPOINT WARNING * * *
There is an open door, spattered with blood here.
Things that are here:
a +2 mace of holy wrath; a +0 ring mail; a +1 whip of holy wrath
Okay, then.
Jorgrun points at the rock wall and mumbles some strange words.
Some rock shatters into small pieces.
Things that are here:
a +0 leather armour; a +2 vampiric hand axe Unknown command.
Really read
f - 2 scrolls of blinking {!r}?
Blink to where?
Press: ? - help, Dir - move target cursor You are very lightly contaminated with residual magic.
As you read the scroll of blinking {!r}, it crumbles to dust.
Things that are here:
a +2 falchion of freezing; a +0 short sword You hear a grinding noise.
You hear a grinding noise.
You hear a grinding noise.
You hear a grinding noise.
Casting: Frozen Ramparts (safe; 1% risk of failure)
Confirm with . or Enter, or press ? or * to list all spells.
The walls around you are covered in ice.
The wall freezes Jorgrun.
Okay, then.
Really quaff
j - 2 viscous emerald potions {!q}?
It was a potion of stabbing {!q}.
You feel ready to backstab.
The wall freezes Jorgrun!
Jorgrun hits you with a +0 vorpal quarterstaff!
* * * LOW HITPOINT WARNING * * *
x2 Really quaff
u - a potion of curing {!q}?
You feel better.
The wall freezes Jorgrun!
Jorgrun hits you with a +0 vorpal quarterstaff!
You die...

###...## #.# #......# #.#
#.#...## #.# #.##<## #.######
#.#### ## #......#
##.#########.## #.####.#
)÷.##.........# ######.####.#
#####.#######..##.........#.#
##.#######...@.####.##.#.#
#.......#####g## #......#
##..####.# ##o# ####..##
###.>....#.# #o. ##)##
.##......#.# #.. ##...#
)##...#..#.########..##....#
.......).#.##.....# .##....#
<#.........##.....###...####
......#...........##.[..#


You could see Jorgrun, an orc warrior and an orc.

Vanquished Creatures
  The ghost of Jyuffeni the Basher, a journeyman OgHu of Okawaru (D:9)
  2 two-headed ogres (D:11)
  The ghost of Ytirgh the Martial Artist, a novice GnTm (D:9)
  The ghost of Ytirgh the Martial Artist, a novice GnTm (D:9)
  Sonja (D:11)
  Nergalle (D:11)
  An unseen horror (D:11)
  Pikel (D:5)
  A centaur zombie (D:10)
  2 komodo dragons
  2 trolls
  A hornet (D:8)
  A wyvern (D:10)
  5 yaks (D:9)
  Eustachio (D:4)
  A human (D:8)
  Menkaure (D:6)
  Edmund (D:4)
  Duvessa (D:4)
  A water moccasin (D:7)
  5 orc warriors
  3 necrophages
  3 sky beasts
  4 slaves (D:5)
  An ice beast (D:11)
  6 ogres
  5 centaurs
  3 big kobolds
  8 bullfrogs
  Dowan (D:4)
  6 scorpions
  4 killer bees (D:8)
  A wight (D:11)
  9 howler monkeys
  7 crimson imps
  7 hounds
  4 bullfrog zombies
  3 jellies
  A quasit (D:6)
  8 orc priests
  2 centaur skeletons
  A gnoll shaman (D:10)
  An iguana (D:7)
  19 orc wizards
  9 worker ants
  2 hound skeletons
  11 gnolls
  6 adders
  5 shadow imps
  2 oozes
  2 adder skeletons
  A worm (D:3)
  A dart slug (D:1)
  6 leopard geckos
  84 orcs
  4 giant cockroaches
  8 hobgoblins
  4 jackals (D:5)
  21 kobolds
  4 quokkas
  3 ball pythons
  5 bats
  4 frilled lizards
  5 goblins
  A leopard gecko zombie (D:7)
  5 rats
332 creatures vanquished.

Vanquished Creatures (collateral kills)
  A vampire (D:11)
  An ice beast (D:6)
  2 wights (D:11)
4 creatures vanquished.

Vanquished Creatures (others)
  3 plants (D:11)
3 creatures vanquished.

Grand Total: 339 creatures vanquished

Notes
Turn   | Place    | Note
-------+----------+-------------------------------------------
     0 | D:1      | Amnesiac the Ghoul Ice Elementalist began the quest for the
                  | Orb.
     0 | D:1      | Reached XP level 1. HP: 14/14 MP: 2/2
   231 | D:2      | Reached XP level 2. HP: 14/20 MP: 0/3
   367 | D:3      | Reached skill level 5 in Ice Magic
   374 | D:3      | Found a basalt altar of Yredelemnul.
   374 | D:3      | Noticed a crimson imp
   423 | D:3      | Reached XP level 3. HP: 25/26 MP: 0/5
   448 | D:3      | Learned a level 3 spell: Frozen Ramparts
   461 | D:3      | Reached XP level 4. HP: 29/33 MP: 0/6
   551 | D:3      | Found an ancient bone altar of Kikubaaqudgha.
   578 | D:4      | Reached skill level 6 in Ice Magic
   578 | D:4      | Reached XP level 5. HP: 33/38 MP: 3/8
   597 | D:4      | Found Bogimeask's Armour Shoppe.
   809 | D:4      | Reached skill level 1 in Fighting
   822 | D:4      | Learned a level 4 spell: Summon Ice Beast
   853 | D:4      | Noticed Duvessa
   857 | D:4      | Reached XP level 6. HP: 43/47 MP: 3/9
   861 | D:4      | Noticed Dowan
   876 | D:4      | Killed Duvessa
   876 | D:4      | Reached skill level 7 in Ice Magic
   958 | D:4      | Killed Dowan
   958 | D:4      | Reached XP level 7. HP: 56/56 MP: 2/11
   976 | D:4      | Found a staircase to the Ecumenical Temple.
   989 | Temple   | Entered the Ecumenical Temple
   997 | Temple   | Became a worshipper of Vehumet
  1958 | D:2      | Found a hazy altar of Hepliaklqana.
  1994 | D:2      | Found a glowing golden altar of the Shining One.
  2065 | D:2      | You fall into a shaft and drop 2 floors!
  2182 | D:2      | Found a faded altar of an unknown god.
  2804 | D:3      | Found an opulent altar of Gozag.
  3089 | D:4      | Noticed Eustachio
  3111 | D:4      | Killed Eustachio
  3111 | D:4      | Reached skill level 8 in Ice Magic
  3231 | D:4      | Noticed Edmund
  3238 | D:4      | Killed Edmund
  3262 | D:4      | Found a glowing golden altar of the Shining One.
  3393 | D:4      | Reached XP level 8. HP: 61/62 MP: 10/13
  3453 | D:4      | Reached * piety under Vehumet
  3453 | D:4      | Offered knowledge of Sandblast by Vehumet.
  3531 | D:5      | Entered Level 5 of the Dungeon
  4057 | D:5      | Noticed Pikel
  4060 | D:5      | Reached skill level 9 in Ice Magic
  4074 | D:5      | Killed Pikel
  4074 | D:5      | Reached skill level 5 in Spellcasting
  4074 | D:5      | Reached XP level 9. HP: 57/71 MP: 4/15
  4177 | D:5      | Found a burning altar of Makhleb.
  4310 | D:5      | Reached ** piety under Vehumet
  4310 | D:5      | Offered knowledge of Shock by Vehumet.
  4317 | D:5      | Learned a level 4 spell: Hailstorm
  4424 | D:6      | Noticed Menkaure
  4440 | D:6      | Reached skill level 10 in Ice Magic
  4444 | D:6      | Killed Menkaure
  5239 | D:7      | Reached skill level 11 in Ice Magic
  5285 | D:7      | Offered knowledge of Dazzling Flash by Vehumet.
  5319 | D:7      | Reached *** piety under Vehumet
  5642 | D:7      | Reached XP level 10. HP: 63/78 MP: 13/18
  5731 | D:7      | Offered knowledge of Inner Flame by Vehumet.
  5731 | D:7      | Reached skill level 12 in Ice Magic
  6183 | D:8      | Reached **** piety under Vehumet
  6294 | D:8      | Offered knowledge of Bolt of Magma by Vehumet.
  6695 | D:8      | Reached skill level 1 in Shields
  7096 | D:9      | Reached skill level 13 in Ice Magic
  7298 | D:9      | Found a white marble altar of Elyvilon.
  7382 | D:9      | Found a runed translucent gate.
  7383 | D:9      | Found a runed translucent gate.
  7383 | D:9      | Found a runed translucent gate.
  7384 | D:9      | Noticed Ytirgh's ghost (novice GnTm)
  7384 | D:9      | Noticed Ytirgh's ghost (novice GnTm)
  7682 | D:9      | Noticed Jyuffeni's ghost (journeyman OgHu)
  7683 | D:9      | Noticed Getomaenie's ghost (novice DsGl)
  7860 | D:9      | Killed Jyuffeni's ghost
  7860 | D:9      | Reached XP level 11. HP: 65/84 MP: 4/21
  7872 | D:9      | Killed Ytirgh's ghost
  8043 | D:9      | Killed Ytirgh's ghost
  8151 | D:10     | Entered Level 10 of the Dungeon
  8233 | D:10     | Reached skill level 14 in Ice Magic
  8277 | D:10     | Reached ***** piety under Vehumet
  8277 | D:10     | Offered knowledge of Spellforged Servitor by Vehumet.
  9255 | D:11     | Noticed a two-headed ogre
  9265 | D:11     | Killed a two-headed ogre
  9328 | D:11     | Noticed Nergalle
  9330 | D:11     | Noticed Sonja
  9361 | D:11     | Killed Nergalle
  9393 | D:11     | Killed Sonja
  9393 | D:11     | Reached skill level 15 in Ice Magic
  9398 | D:11     | HP: 3/84 [something (12)]
  9401 | D:11     | Killed an unseen horror
  9606 | D:11     | Got a transparent pewter ring
  9608 | D:11     | Identified the ring of the Solstice {*Tele Dex+2} (You
                  | found it on level 11 of the Dungeon)
  9865 | D:11     | Found a staircase to the Lair.
  9870 | D:11     | Noticed a two-headed ogre
  9889 | D:11     | Killed a two-headed ogre
  9889 | D:11     | Reached XP level 12. HP: 91/91 MP: 19/23
  9995 | D:11     | Offered knowledge of Iskenderun's Mystic Blast by Vehumet.
 10004 | D:11     | Found a staircase to the Orcish Mines.
 10261 | D:11     | Learned a level 4 spell: Iskenderun's Mystic Blast
 10579 | Orc:1    | Entered Level 1 of the Orcish Mines
 10586 | Orc:1    | Noticed Jorgrun
 10767 | D:11     | HP: 4/91 [Jorgrun/+0 vorpal quarterstaff (9)]
 10768 | D:11     | Slain by Jorgrun

Levels and vault maps discovered:
D:1:      matt_arrival_refuge, layout_basic, serial_forest,
          infiniplex_forest_lined_room_2, infiniplex_forest_lined_ring,
          infiniplex_forest_lined_room_, infiniplex_forest_lined_ring,
          infiniplex_forest_lined_4_way, infiniplex_forest_clump_long,
          infiniplex_forest_clump_small, infiniplex_forest_lined_corner
D:2:      layout_loops_corners, marbit_many_paths,
          chequers_ecumenical_altar_twisty, tso_metal_star
D:3:      layout_basic, overflow_temple_1_default, old_standard_altar,
          grunt_gozag_breadcrumbs, first_ration
D:4:      layout_loops_ring, lemuel_doored_altar, minmay_temple_entry_grid,
          serial_shops, shop, nrook_uturn, minmay_misc_feat_alley,
          uniq_eustachio, uniq_duvessa, uniq_edmund
D:5:      layout_loops_cross, makhleb_blood_cavern_becter, uniq_pikel
D:6:      layout_rooms, uniq_menkaure
D:7:      layout_layer_cave
D:8:      layout_basic, grunt_pizzeria, grunt_ministairs_11,
          minmay_misc_feat_ornament, lemuel_flamethrower_1
D:9:      layout_basic, elyvilon_altar_3, gammafunk_ghost_cemetery
D:10:     layout_grid_maze, hangedman_decor_riveting
D:11:     layout_loops_cross, david_lair_shrubbed, hiddenorc2_lemuel,
          uniq_sonja, uniq_nergalle
Temple:   lightli_temple_of_artemis
Orc:1:    layout_diamond_mine, serial_shops, shop_fountains, uniq_jorgrun

Skill      XL: |  1  2  3  4  5  6  7  8  9 10 11 12 |
---------------+-------------------------------------+-----
Spellcasting   | 2 3 4 5 6 7 8 9 |  9.0
Ice Magic      | 5 6 7 8 9 11 13 15 | 15.7
Fighting       | 1 2 3 4 |  4.0
Dodging        | 3 4 |  4.0
Shields        | 3 4 |  4.0
Stealth        | |  2.1

Action                   |  1- 3 |  4- 6 |  7- 9 | 10-12 || total
-------------------------+-------+-------+-------+-------++-------
Melee: Unarmed           |    43 |    17 |     8 |       ||    68
       Hunting sling     |       |       |     1 |       ||     1
 Fire: Hunting sling     |       |       |   272 |   457 ||   729
Throw: Dart              |     1 |       |    40 |       ||    41
 Cast: Freeze            |    22 |    10 |    69 |    32 ||   133
       Frozen Ramparts   |     1 |     8 |    32 |    67 ||   108
       Summon Ice Beast  |       |       |     2 |     8 ||    10
Evoke: Phial of floods   |       |       |       |     1 ||     1
  Use: Scroll            |       |       |       |    17 ||    17
       Potion            |       |       |       |    10 ||    10
  Eat: Chunk             |     3 |     1 |    31 |    47 ||    82
Armor: Ring mail         |    20 |     7 |    84 |    22 ||   133
       Robe              |       |       |       |    94 ||    94
Dodge: Dodged            |    32 |    14 |   114 |   191 ||   351
Block: Buckler           |       |       |       |    41 ||    41

Table legend:
 A = Non-vault XP
 B = Vault XP
 C = Vault XP percentage of total XP
 D = Non-vault monster count
 E = Vault monster count
 F = Vault count percentage of total count
                 A         B        C        D         E       F
            +---------+---------+-------+---------+---------+-------
      Total |   13489 |    7064 |  34.4 |     284 |      48 |  14.5
            +---------+---------+-------+---------+---------+-------
        D:1 |      28 |       0 |   0.0 |      11 |       0 |   0.0
        D:2 |      34 |       2 |   5.6 |      14 |       1 |   6.7
        D:3 |     125 |       0 |   0.0 |      18 |       0 |   0.0
        D:4 |     429 |     592 |  58.0 |      12 |       4 |  25.0
        D:5 |     558 |     657 |  54.1 |      35 |       2 |   5.4
        D:6 |     700 |     172 |  19.7 |      20 |       1 |   4.8
        D:7 |    1612 |       0 |   0.0 |      35 |       0 |   0.0
        D:8 |    1535 |     310 |  16.8 |      44 |       2 |   4.3
        D:9 |    1656 |    2764 |  62.5 |      27 |       3 |  10.0
       D:10 |    2247 |       0 |   0.0 |      22 |       0 |   0.0
       D:11 |    4401 |    2567 |  36.8 |      40 |      35 |  46.7
      Orc:1 |     164 |       0 |   0.0 |       6 |       0 |   0.0
            +---------+---------+-------+---------+---------+-------
